 Dungeon Crawl Stone Soup version 0.17-a0-1646-geb1493d (webtiles) character file.

53 kroki the Chopper (level 3, -2/31 HPs)
             Began as a Hill Orc Fighter on Aug 11, 2015.
             Slain by a worm (8 damage)
             ... on level 2 of the Dungeon.
             The game lasted 00:01:21 (1155 turns).

kroki the Chopper (Hill Orc Fighter)                Turns: 1155, Time: 00:01:21

Health: -2/31      AC:  7    Str: 18    XL:     3   Next: 87%
Magic:  3/3        EV: 12    Int:  8    God:
Gold:   88         SH:  9    Dex: 16    Spells: 0 memorised, 2 levels left

rFire  . . .     SeeInvis .     a - +0 war axe
rCold  . . .     Clarity  +     b - +1 scale mail
rNeg   . . .     SustAt   .     c - +0 shield
rPois  .         Gourm    .     (no helmet)
rElec  .         Spirit   .     (no cloak)
rCorr  .         Warding  .     (no gloves)
rMut   .         Stasis   .     (no boots)
MR     .....                    n - amulet of clarity
Stlth  +.........               (no ring)
                                (no ring)

@: agile, very slightly contaminated, hasted, very quick, not resistant to
hostile enchantments, very unstealthy
A: no striking features
a: no special abilities


You were on level 2 of the Dungeon.
You were not hungry.

You visited 1 branch of the dungeon, and saw 2 of its levels.

You collected 88 gold pieces.

Inventory:

Hand weapons
 a - a +0 war axe (weapon)
Armour
 b - a +1 scale mail (worn)
 c - a +0 shield (worn)
Jewellery
 n - an amulet of clarity (around neck)
   (You found it on level 1 of the Dungeon)
 s - an uncursed ring of wizardry {unknown}
   (You found it on level 2 of the Dungeon)
Scrolls
 f - a scroll of remove curse {unknown}
 k - 2 scrolls of amnesia
 o - a scroll of enchant armour
 p - a scroll of recharging {unknown}
 u - a scroll of teleportation
Potions
 d - 3 potions of might
Comestibles
 e - 2 bread rations
 h - 3 fruits
 i - a slice of pizza
 m - a meat ration
 q - a beef jerky
 t - 6 chunks of flesh


   Skills:
 - Level 3.6 Fighting
 + Level 5.4 Axes
 - Level 3.2 Armour
 - Level 3.2 Shields


You had 2 spell levels left.
You didn't know any spells.

Dungeon Overview and Level Annotations

Branches:
Dungeon (2/15)

Altars:


Message History

You hit the adder.
The adder is almost dead.
You feel sick. The adder barely misses you.
Unknown command.
You miss the adder.
The adder is almost dead.
You slash the ball python!
You kill the ball python!
You feel sick. The adder bites you.
You are more poisoned.
The adder poisons you! The adder bites you but does no damage.
You are too injured to fight recklessly!
You hit the adder.
You kill the adder!
You feel sick. You block the goblin's attack.
You are too injured to fight recklessly!
You barely miss the goblin.
You feel sick. The goblin hits you but does no damage.
You hit the goblin but do no damage.
You feel sick. The goblin hits you.
You are too injured to fight recklessly!
You slash the goblin!
You kill the goblin!
* * * LOW HITPOINT WARNING * * *
You feel sick.
You are too injured to fight recklessly!
You hit the worm.
The worm is moderately wounded.
* * * LOW HITPOINT WARNING * * *
You feel sick. You block the worm's attack.
You are too injured to fight recklessly!
You hit the worm.
The worm is heavily wounded.
* * * LOW HITPOINT WARNING * * *
You feel sick. You block the worm's attack.
You are too injured to fight recklessly!
You hit the worm.
The worm is almost dead.
* * * LOW HITPOINT WARNING * * *
You feel sick.
You are too injured to fight recklessly!
You are too injured to fight recklessly!
You see here a ball python corpse.
* * * LOW HITPOINT WARNING * * *
You feel sick.
* * * LOW HITPOINT WARNING * * *
You feel sick.
* * * LOW HITPOINT WARNING * * *
You feel sick.
Drink which item? (? for menu, Esc to quit)
It was a potion of agility.
You feel agile all of a sudden.
Drink which item? (? for menu, Esc to quit)
It was a potion of poison.
That liquid tasted very nasty...
You are more poisoned.
* * * LOW HITPOINT WARNING * * *
You feel sick.
Drink which item? (? for menu, Esc to quit)
It was a potion of haste.
You feel yourself speed up.
* * * LOW HITPOINT WARNING * * *
You feel sick.
You are very lightly contaminated with residual magic.
Drink which item? (? for menu, Esc to quit)
It was a potion of curing.
You feel better. The worm bites you!
You die...

###### # #....# # . #....# #
... #....# #
.....###....#################
......[.%..w@................
......##############.........
..... #....#.#.. ....
#....#.#.. .<. #....#)#.. ..
#....#.#.. . #....#.###
#....#^... .....#####


You could see a worm.

Vanquished Creatures
  2 adders (D:2)
  A worm (D:2)
  A giant gecko (D:1)
  2 ball pythons
  2 bats
  3 giant cockroaches
  7 hobgoblins
  2 giant newts (D:2)
  7 goblins
  2 kobolds (D:2)
  2 rats (D:1)
31 creatures vanquished.

Notes
Turn   | Place    | Note
--------------------------------------------------------------
     0 | D:1      | kroki the Hill Orc Fighter began the quest for the Orb.
     0 | D:1      | Reached XP level 1. HP: 19/19 MP: 1/1
   140 | D:1      | Reached skill level 3 in Axes
   177 | D:1      | Reached XP level 2. HP: 20/26 MP: 2/2
   441 | D:1      | Reached skill level 4 in Axes
   732 | D:2      | Reached XP level 3. HP: 31/31 MP: 3/3
   996 | D:2      | Reached skill level 5 in Axes
  1154 | D:2      | HP: 1/31 [poison (a potion of poison)]
  1155 | D:2      | Slain by a worm

Vault maps used:
D:1:      minmay_arrival_widening_spiral_wide
D:2:      corner_web_ring

Action                   || total
-------------------------++-------
Melee: War axe           ||   106
  Use: Scroll            ||     6
       Potion            ||     4
  Eat: Chunk             ||     1
